 Dungeon Crawl Stone Soup version 0.30-a0-777-ga9a30cbeda (webtiles) character file.

Game seed: 11723085471907942762

84003 BubbleThief the Fencer (level 15, -1/122 HPs)
             Began as a Demonspawn Necromancer on Feb 14, 2023.
             Was a High Priest of Kikubaaqudgha.
             Slain by a tengu reaver
             ... wielding the +3 Elemental Staff {rElec rF++ rC++ AC+5}
              (6 damage)
             ... on level 14 of the Dungeon.
             The game lasted 00:55:00 (24811 turns).

BubbleThief the Fencer (Demonspawn Necromancer)    Turns: 24811, Time: 00:55:01

Health: -1/122     AC: 11    Str:  8    XL:     15   Next: 33%
Magic:  6/24       EV: 17    Int: 20    God:    Kikubaaqudgha [*****.]
Gold:   1143       SH:  0    Dex: 24    Spells: 8/26 levels left

rFire   + + .      SeeInvis .    K - +5 great sword (freeze)
rCold   + + .      Faith    .    (shield currently unavailable)
rNeg    . . .      Spirit   .    M - +3 leather armour {rC+ rF+}
rPois   .          Reflect  .    A - +2 helmet
rElec   .          Harm     .    C - scarf {rC+ rF+}
rCorr   .          Rampage  .    X - +0 pair of gloves
Will    ++...                    u - +0 pair of boots
Stlth   +++++                    w - amulet of regeneration
HPRegen 1.20/turn                p - +4 ring of protection
MPRegen 0.19/turn                m - ring of willpower

@: corroded
A: thin skeletal structure 3, spiny 1, demonic magic 1, demonic touch 1
a: Renounce Religion, Unearth Wretches, Torment


You were on level 14 of the Dungeon.
You worshipped Kikubaaqudgha.
Kikubaaqudgha was extremely pleased with you.
You visited 3 branches of the dungeon, and saw 20 of its levels.
You also visited: Ice Cave.

You collected 2104 gold pieces.
You spent 961 gold pieces at shops.

Inventory:

Hand Weapons
 v - a +0 longbow
 G - a +4 double sword of holy wrath
 K - a +5 great sword of freezing (weapon)
Missiles
 y - 4 throwing nets
Armour
 u - a +0 pair of boots (worn)
 A - a +2 helmet (worn)
 C - a scarf of resistance (worn)
 M - a +3 leather armour of resistance (worn)
 X - a +0 pair of gloves (worn)
Jewellery
 g - a ring of protection from fire
 j - a ring of willpower
 m - a ring of willpower (right hand)
 p - a +4 ring of protection (left hand)
 w - an amulet of regeneration (around neck)
 x - a ring of resist corrosion
 S - a ring of poison resistance
 U - a ring of wizardry
Wands
 B - a wand of iceblast (25)
 F - a wand of flame (37)
 H - a wand of digging (4)
 N - a wand of polymorph (12)
 Q - a wand of charming (21)
 W - a wand of mindburst (12)
Scrolls
 d - a scroll of poison
 e - 3 scrolls of teleportation
 h - 7 scrolls of identify
 k - 3 scrolls of fear
 o - 3 scrolls of magic mapping
 q - 2 scrolls of silence
 E - 2 scrolls of amnesia
 V - a scroll of butterflies
Potions
 a - a potion of attraction
 b - 2 potions of magic
 c - 16 potions of curing
 f - 3 potions of lignification
 i - 5 potions of mutation
 n - 2 potions of experience
 r - a potion of invisibility
 s - 8 potions of brilliance
 t - 5 potions of resistance
 z - 7 potions of heal wounds
 D - a potion of berserk rage
 I - 2 potions of haste
 J - 8 potions of flight
 O - 5 potions of ambrosia
 T - 3 potions of cancellation
 Y - a potion of might
Miscellaneous
 l - a phantom mirror


   Skills:
 + Level 12.9 Fighting
 - Level 16.0 Long Blades
 - Level 8.0 Dodging
 - Level 1.7 Stealth
 + Level 6.2 Spellcasting
 + Level 14.3 Necromancy
 - Level 6.0 Earth Magic


You had 8 spell levels left.
You knew the following spells:

 Your Spells              Type           Power      Damage    Failure   Level
b - Vampiric Draining     Necr           59%        2d10      1%          3
c - Dispel Undead         Necr           59%        3d21      1%          4
d - Death Channel         Necr           29%        N/A       6%          6
e - Borgnjor's Vile Clut  Necr/Erth      23%        N/A       6%          5

Your spell library contained the following spells:

 Spells                   Type           Power      Damage    Failure   Level
 Necrotise                Necr           100%       1d9       1%          1
 Sublimation of Blood     Necr           59%        N/A       1%          2
 Animate Dead             Necr           59%        N/A       1%          4
 Agony                    Necr           59%        N/A       1%          5
 Cigotuvi's Dreadful Rot  Necr/Pois/Air  50%        N/A       3%          2
 Anguish                  Hex/Necr       17%        N/A       8%          4
 Apportation              Tloc           12%        N/A       16%         1
 Magic Dart               Conj           24%        1d4       16%         1
 Slow                     Hex            24%        N/A       16%         1
 Summon Small Mammal      Summ           24%        N/A       16%         1
 Call Imp                 Summ           6%         N/A       22%         2
 Ensorcelled Hibernation  Hex/Ice        12%        N/A       22%         2
 Confusing Touch          Hex            6%         N/A       41%         3
 Frozen Ramparts          Ice            12%        1d2       41%         3
 Gell's Gravitas          Tloc           6%         N/A       41%         3
 Ignite Poison            Fire/Tmut/Pois 6%         N/A       41%         3
 Kindle Blastsparks       Fire/Tloc/Air  12%        2d11      41%         3
 Mephitic Cloud           Conj/Pois/Air  6%         N/A       41%         3
 Spider Form              Tmut/Pois      6%         N/A       41%         3
 Teleport Other           Tloc           6%         N/A       41%         3
 Airstrike                Air            3%         2d(1-17)  83%         4
 Ice Form                 Ice/Tmut       6%         N/A       83%         4
 Sticky Flame             Conj/Fire      6%         2d3       83%         4
 Summon Ice Beast         Ice/Summ       6%         N/A       83%         4
 Summon Lightning Spire   Summ/Air       6%         N/A       83%         4
 Alistair's Intoxication  Tmut/Pois      4%         N/A       99%         5
 Freezing Cloud           Conj/Ice/Air   3%         6-21      99%         5
 Lightning Bolt           Conj/Air       3%         1d14      99%         5
 Dispersal                Tloc           3%         N/A       100%        6
 Eringya's Noxious Bog    Tmut/Pois      3%         N/A       100%        6
 Ignition                 Fire           3%         3d4       100%        8


Dungeon Overview and Level Annotations

Branches:
Dungeon (14/15)            Temple (1/1) D:4            Lair (5/5) D:10
  Swamp (0/4) Lair:2        Snake (0/4) Lair:3        Slime (0/5) Lair:4
    Orc (0/2) D:9          Vaults (0/5) D:14          IceCv (visited)

Altars:
Ashenzari
Cheibriados
Dithmenos
Fedhas
Gozag
Hepliaklqana
Kikubaaqudgha
Makhleb
Nemelex Xobeh
Okawaru
Qazlal
Ru
Sif Muna
Trog
Uskayaw
Vehumet
Wu Jian
Xom
Yredelemnul

Shops:
D:5 *   D:7 [   D:10 !:

Annotations:
Lair:2 Gastronok
Lair:4 exclusion: oklob plant


Innate Abilities, Weirdness & Mutations

You have an unnaturally thin skeletal structure. (Dex +6, Stealth+++)
You are partially covered in sharp spines.
Spells you cast may paralyse adjacent enemies.
Your touch may inflict minor irresistible damage on your foes.


Message History

The zombie hands constrict the tengu reaver.
The tengu reaver is struck by your spines.
The tengu reaver hits you with the +3 Elemental Staff {rElec rF++ rC++ AC+5}.
The tengu reaver freezes you!
* * * LOW HITPOINT WARNING * * *
The tengu reaver misses you. The tengu reaver claws you.
* * * LOW HITPOINT WARNING * * *
Casting: Vampiric Draining (safe; 1% risk of failure)
Confirm with . or Enter, or press ? or * to list all spells.
Aiming: Vampiric Draining (safe; 1% risk of failure)
Press: ? - help, Shift-Dir - straight line, f/p - tengu reaver
Aim: a tengu reaver, wielding the +3 Elemental Staff {rElec rF++ rC++ AC+5}, wearing a +1 ring mail and wearing a +1 buckler (heavily wounded, constricted by zombie hands)
You draw life force from the tengu reaver!
You feel life coursing into your body. Malevolent energies surge around you.
The zombie hands constrict the tengu reaver.
The zombie hands release their grip on the tengu reaver.
The tengu reaver gestures at you while chanting.
The bolt of acid hits you!
* * * LOW HITPOINT WARNING * * *
The acid corrodes you!
Casting: Vampiric Draining (safe; 1% risk of failure)
Confirm with . or Enter, or press ? or * to list all spells.
Aiming: Borgnjor's Vile Clutch (dangerous; 6% risk of failure)
Press: ? - help, Shift-Dir - straight line, f/p - tengu reaver
Aim: a tengu reaver, wielding the +3 Elemental Staff {rElec rF++ rC++ AC+5}, wearing a +1 ring mail and wearing a +1 buckler (severely wounded, 100% to hit)
Zombie hands grab the tengu reaver.
Malevolent energies surge around you.
The zombie hands constrict the tengu reaver.
The tengu reaver points at you and mumbles some strange words.
The bolt of acid misses you.
You feel much better.
The zombie hands constrict the tengu reaver!
The tengu reaver hits you with the +3 Elemental Staff {rElec rF++ rC++ AC+5}!
* * * LOW HITPOINT WARNING * * *
The tengu reaver crushes you!!
* * * LOW HITPOINT WARNING * * *
The tengu reaver pecks you but does no damage.
The tengu reaver claws you.
You die...
Kikubaaqudgha rasps: "You have failed me!
Welcome... death!"

...#.# #.### #...##
...#.###...+ #.##
...#......## ##
...#####.## ##
...##...## ##.##
.......##≈# #+...+#
.#.#####≈≈≈#
##.....## .#.#
##≈≈☼≈≈##...Q...#
.#.# #≈≈≈####.@...#
##.# #≈##..#'...+#
##.########....##.##
.........##.....###
##........##....###
##########'#..##.#
#.####...#
#.###..§..# ######
#.#.##...###


You could see a tengu reaver (clutched).

Vanquished Creatures
  A frost giant (IceCv)
  A hydra (Lair:5)
  Erolcha (D:10)
  3 vault guards (D:14)
  An ogre mage (D:14)
  6 two-headed ogres
  4 centaur warriors
  3 boulder beetles
  15 death yaks
  Urug (Lair:2)
  A deep elf knight (D:14)
  Sonja (Lair:4)
  Nergalle (D:10)
  5 skysharks
  A lindwurm (Lair:5)
  A phantasmal warrior (D:14)
  2 wizards (D:14)
  A deep elf archer (D:14)
  2 orc knights (D:14)
  4 cyclopes
  2 ugly things
  8 elephants
  Joseph (D:8)
  An ice statue (IceCv)
  A black mamba (Lair:4)
  A torpor snail (Lair:3)
  3 unseen horrors
  9 cane toads
  Maggie (D:6)
  13 rime drakes
  2 kobold demonologists
  A yaktaur (D:14)
  6 komodo dragons
  Psyche (D:8)
  A freezing wraith (D:14)
  4 trolls
  16 blink frogs
  Grinder (D:3)
  Prince Ribbit (D:6)
  12 polar bears
  A tyrant leech (Lair:2)
  A vampire (D:9)
  A centaur simulacrum (D:13)
  Sigmund (D:6)
  2 shadows (D:11)
  64 yaks
  A water elemental (D:12)
  5 wyverns
  Eustachio (D:6)
  3 wraiths
  7 basilisks
  Grum (D:11)
  5 steam dragons
  8 vampire mosquitoes
  23 water moccasins
  6 acid dragons
  Duvessa (D:4)
  A black bear (D:7)
  9 ice beasts
  A meliai simulacrum (D:13)
  10 orc warriors
  3 sky beasts (D:8)
  4 ogres
  77 wolves
  11 centaurs
  A kobold brigand (D:7)
  10 bullfrogs
  3 scorpions
  17 wights
  Dowan (D:4)
  22 killer bees
  9 electric eels
  7 howler monkeys
  4 hounds
  A jelly (D:8)
  10 orc priests
  Crazy Yiuf (D:6)
  2 gnoll boudas
  5 iguanas
  Natasha (thrice) (D:2)
  13 orc wizards
  A boggart simulacrum (D:13)
  Robin (D:2)
  3 gnolls (D:10)
  10 adders
  A shadow imp (D:8)
  5 white imps
  A worm (D:2)
  A dart slug (D:4)
  34 orcs
  A bat (D:2)
  4 endoplasms
  3 giant cockroaches
  17 goblins
  8 hobgoblins
  27 kobolds
  A quokka (D:2)
  5 ball pythons
  5 frilled lizards
  A rat (D:2)
  A bush (D:6)
626 creatures vanquished.

Vanquished Creatures (collateral kills)
  A hydra (Lair:3)
  3 yaks (D:11)
  A basilisk (Lair:3)
  An orc (D:4)
  A hobgoblin (D:2)
7 creatures vanquished.

Vanquished Creatures (others)
  A polar bear (IceCv)
  A white imp (D:13)
  An ufetubus (D:13)
  25 fungi
  51 plants
79 creatures vanquished.

Grand Total: 712 creatures vanquished

Notes
Turn   | Place    | Note
-------+----------+-------------------------------------------
     0 | D:1      | BubbleThief the Demonspawn Necromancer began the quest for
                  | the Orb.
     0 | D:1      | Reached XP level 1. HP: 13/13 MP: 3/3
   184 | D:1      | Found a faded altar of an unknown god.
   278 | D:1      | Gained mutation: You have a somewhat thin skeletal
                  | structure. (Dex +2, Stealth+) [demonic ancestry]
   278 | D:1      | Reached XP level 2. HP: 19/19 MP: 3/5
   828 | D:2      | Noticed Natasha
   835 | D:2      | Killed Natasha
   836 | D:2      | Reached skill level 5 in Necromancy
   836 | D:2      | Reached XP level 3. HP: 24/24 MP: 2/7
  1154 | D:2      | Gained mutation: You have a moderately thin skeletal
                  | structure. (Dex +4, Stealth++) [demonic ancestry]
  1154 | D:2      | Reached XP level 4. HP: 30/30 MP: 1/8
  1336 | D:2      | Noticed Natasha
  1344 | D:2      | Killed Natasha
  1461 | D:2      | Noticed Robin
  1790 | D:2      | Reached XP level 5. HP: 29/35 MP: 6/10
  1818 | D:2      | Killed Robin
  1845 | D:2      | Noticed Natasha
  1857 | D:2      | Killed Natasha
  2307 | D:3      | Noticed Grinder
  2760 | D:4      | Found a staircase to the Ecumenical Temple.
  2771 | Temple   | Entered the Ecumenical Temple
  2865 | D:4      | Reached skill level 1 in Fighting
  2865 | D:4      | Reached XP level 6. HP: 34/43 MP: 5/12
  3291 | D:4      | Learned a level 3 spell: Vampiric Draining
  3401 | D:4      | Found an opulent altar of Gozag.
  3594 | D:4      | Noticed Duvessa
  3605 | D:4      | Noticed Dowan
  3633 | D:4      | Killed Duvessa
  3634 | D:4      | Reached XP level 7. HP: 34/55 MP: 2/13
  3663 | D:4      | Killed Dowan
  3664 | D:4      | Reached skill level 5 in Fighting
  4090 | D:5      | Entered Level 5 of the Dungeon
  4644 | D:5      | Reached XP level 8. HP: 53/67 MP: 2/14
  4947 | D:5      | Found Eciucwai's Assorted Antiques.
  4953 | D:5      | Bought an encrusted emerald ring for 110 gold pieces
  4955 | D:5      | Bought a blackened glass wand for 88 gold pieces
  4955 | D:5      | Bought a scroll labelled HAICAT ASHEZE for 22 gold pieces
  5236 | D:6      | Noticed Prince Ribbit
  5283 | D:6      | Killed Prince Ribbit
  5442 | D:6      | Noticed a two-headed ogre
  5981 | D:6      | Noticed Sigmund
  5991 | D:6      | Killed Sigmund
  6075 | D:6      | Learned a level 4 spell: Dispel Undead
  6084 | D:6      | Reached XP level 9. HP: 78/78 MP: 9/15
  6133 | D:6      | Reached skill level 10 in Fighting
  6826 | D:7      | Found Cheibriados's Comfort Zone.
  6826 | D:7      | Found a snail-covered altar of Cheibriados.
  7274 | D:7      | Reached skill level 5 in Dodging
  7363 | D:7      | Noticed a two-headed ogre
  7370 | D:7      | Killed a two-headed ogre
  7679 | D:7      | Gained mutation: Spells you cast may paralyse adjacent
                  | enemies. [demonic ancestry]
  7679 | D:7      | Reached XP level 10. HP: 85/85 MP: 14/16
  7931 | D:6      | Killed a two-headed ogre
  8070 | D:6      | Noticed Maggie
  8078 | D:6      | Killed Maggie
  8079 | D:6      | Reached skill level 1 in Long Blades
  8113 | D:6      | Noticed Eustachio
  8121 | D:6      | Killed Eustachio
  8122 | D:6      | Reached skill level 10 in Necromancy
  8241 | D:6      | Found a stormy altar of Qazlal.
  8454 | D:6      | Found a runed translucent door.
  8455 | D:6      | Noticed Crazy Yiuf
  8463 | D:6      | Killed Crazy Yiuf
  8596 | D:3      | Killed Grinder
  8597 | D:3      | Reached skill level 2 in Long Blades
  8738 | D:8      | Noticed Joseph
  8759 | D:8      | Killed Joseph
  8760 | D:8      | Reached skill level 3 in Long Blades
  8931 | D:8      | Reached skill level 4 in Long Blades
  8941 | D:8      | Reached skill level 5 in Long Blades
  9143 | D:8      | Noticed Psyche
  9151 | D:8      | Killed Psyche
  9261 | D:8      | Found a snail-covered altar of Cheibriados.
  9319 | D:8      | Reached skill level 6 in Long Blades
  9338 | D:8      | Reached XP level 11. HP: 84/90 MP: 4/17
  9438 | D:8      | Noticed a centaur warrior
  9444 | D:8      | Killed a centaur warrior
  9445 | D:8      | Reached skill level 7 in Long Blades
  9603 | D:8      | Found a burning altar of Makhleb.
  9640 | D:8      | Found a bloodstained altar of Trog.
  9798 | D:8      | Reached skill level 8 in Long Blades
 10046 | D:8      | Found an iron altar of Okawaru.
 10049 | D:8      | Found a hide-covered altar of Uskayaw.
 10510 | D:9      | Reached skill level 9 in Long Blades
 10736 | D:9      | Found a staircase to the Orcish Mines.
 11580 | D:9      | Found a shimmering blue altar of Sif Muna.
 11586 | D:9      | Found an ancient bone altar of Kikubaaqudgha.
 11762 | D:9      | Became a worshipper of Kikubaaqudgha
 11826 | D:10     | Entered Level 10 of the Dungeon
 11851 | D:10     | Reached skill level 10 in Long Blades
 12147 | D:10     | Noticed a death yak
 12148 | D:10     | Noticed a death yak
 12159 | D:10     | Noticed a death yak
 12178 | D:10     | Killed a death yak
 12291 | D:10     | Noticed a death yak
 12292 | D:10     | Noticed a death yak
 12320 | D:10     | Killed a death yak
 12321 | D:10     | Reached skill level 11 in Long Blades
 12399 | D:10     | Found Diegew's Distillery.
 12414 | D:10     | Bought a potion of heal wounds for 65 gold pieces
 12414 | D:10     | Bought a potion of mutation for 104 gold pieces
 12414 | D:10     | Bought a potion of mutation for 104 gold pieces
 12414 | D:10     | Bought a potion of mutation for 104 gold pieces
 12414 | D:10     | Bought a potion of brilliance for 52 gold pieces
 12414 | D:10     | Bought a potion of cancellation for 104 gold pieces
 12414 | D:10     | Bought 2 potions of cancellation for 208 gold pieces
 12420 | D:10     | Found Peic's Book Emporium.
 12463 | D:10     | Noticed Erolcha
 12465 | D:10     | Killed Erolcha
 12466 | D:10     | Reached XP level 12. HP: 97/97 MP: 18/18
 12486 | D:10     | Noticed Nergalle
 12492 | D:10     | Killed Nergalle
 12599 | D:10     | Noticed a death yak
 12629 | D:10     | Killed a death yak
 12809 | D:10     | Found a staircase to the Lair.
 12826 | D:10     | Killed a death yak
 12827 | D:10     | Reached skill level 12 in Long Blades
 12836 | D:10     | Killed a death yak
 12842 | D:10     | Killed a death yak
 12867 | D:10     | Noticed a boulder beetle
 12966 | D:10     | Killed a boulder beetle
 13219 | D:10     | Noticed a two-headed ogre
 13225 | D:10     | Killed a two-headed ogre
 13290 | Lair:1   | Entered Level 1 of the Lair of Beasts
 13306 | Lair:1   | Reached skill level 13 in Long Blades
 13314 | Lair:1   | Reached * piety under Kikubaaqudgha
 13314 | Lair:1   | Received a gift from Kikubaaqudgha
 13844 | Lair:1   | Reached skill level 14 in Long Blades
 14265 | Lair:1   | Reached ** piety under Kikubaaqudgha
 14733 | Lair:2   | Found a staircase to the Swamp.
 15138 | Lair:2   | Gained mutation: You are partially covered in sharp spines.
                  | [demonic ancestry]
 15138 | Lair:2   | Reached XP level 13. HP: 97/104 MP: 19/19
 15414 | Lair:2   | Noticed Gastronok
 15661 | Lair:2   | Noticed Urug
 15965 | Lair:3   | Found a staircase to the Snake Pit.
 15998 | Lair:3   | Learned a level 6 spell: Death Channel
 16627 | Lair:3   | Reached *** piety under Kikubaaqudgha
 16627 | Lair:3   | Received a gift from Kikubaaqudgha
 16635 | Lair:3   | Learned a level 5 spell: Borgnjor's Vile Clutch
 16886 | Lair:3   | Reached skill level 1 in Earth Magic
 17493 | Lair:4   | Found a staircase to the Slime Pits.
 18202 | Lair:4   | Noticed Sonja
 18209 | Lair:4   | Killed Sonja
 18521 | Lair:5   | Entered Level 5 of the Lair of Beasts
 18634 | Lair:5   | Reached skill level 15 in Long Blades
 18643 | Lair:4   | Reached **** piety under Kikubaaqudgha
 19249 | Lair:5   | Gained mutation: You have an unnaturally thin skeletal
                  | structure. (Dex +6, Stealth+++) [demonic ancestry]
 19249 | Lair:5   | Reached XP level 14. HP: 114/114 MP: 20/20
 19425 | Lair:5   | Identified the +6 hand axe "Oziqolag" {freeze, Int+3 Dex+3}
 19898 | Lair:2   | Killed Urug
 20637 | D:11     | Noticed Grum
 20639 | D:11     | Killed Grum
 20686 | D:11     | Found an iron altar of Okawaru.
 21023 | D:11     | Reached ***** piety under Kikubaaqudgha
 21574 | D:12     | Found a shimmering blue altar of Sif Muna.
 21956 | D:12     | Reached skill level 16 in Long Blades
 22546 | D:13     | Found a burning altar of Makhleb.
 22546 | D:13     | Noticed a cacodemon
 22580 | D:13     | Found a frozen archway.
 22626 | IceCv    | Entered an ice cave
 22836 | IceCv    | Reached skill level 5 in Spellcasting
 22838 | IceCv    | Reached skill level 5 in Earth Magic
 23135 | IceCv    | Gained mutation: Your touch may inflict minor irresistible
                  | damage on your foes. [demonic ancestry]
 23135 | IceCv    | Reached XP level 15. HP: 122/122 MP: 16/22
 23187 | IceCv    | Noticed a frost giant
 23211 | IceCv    | Killed a frost giant
 24374 | D:14     | Found a gate to the Vaults.
 24802 | D:14     | Noticed a tengu reaver
 24811 | D:14     | HP: 5/122 [tengu reaver/the +3 Elemental Staff {rElec rF++
                  | rC++ AC+5} (19)]
 24811 | D:14     | Slain by a tengu reaver

Illustrated notes

Levels and vault maps discovered:
D:1:      minmay_arrival_three_doors, layout_basic,
          chequers_ecumenical_altar_simple_redux
D:2:      layout_basic, minmay_split_cup_large, uniq_robin, uniq_natasha
D:3:      layout_basic, feat_on_display, uniq_grinder
D:4:      minmay_wonky_spiral, layout_loops_ring,
          mainiacjoe_overflow_tiny_flanked, minmay_temple_entry_crystal_x,
          corner_web_ring, minmay_misc_feat_four_crosses, uniq_duvessa
D:5:      layout_basic, serial_shops, shop
D:6:      layout_rooms, mainiacjoe_overflow_alcove_2, uniq_eustachio,
          uniq_maggie, uniq_crazy_yiuf_cottage, uniq_prince_ribbit1,
          uniq_sigmund
D:7:      kennysheep_kobold_camp, layout_loops_corners, minmay_shop_chei
D:8:      minmay_polygon_palace, layout_cave_pools, cheibriados_altar_1,
          mainiacjoe_overflow_small_starburst, nicolae_overflow_hidden_temple,
          st_stairs_13, nzn_random_ring, uniq_psyche, uniq_joseph
D:9:      layout_long_grid, mainiacjoe_overflow_big_doors, david_orc_2
D:10:     layout_basic, dpeg_lair_monsters, serial_shops, nicolae_stop_n_shop_2,
          nicolae_shop_behind_doors, kennysheep_generic_room_6, uniq_nergalle,
          uniq_erolcha
D:11:     layout_loops_cross, st_stairs_12, okawaru_metal_pillars_3, uniq_grum
D:12:     layout_basic, nicolae_sif_muna_little_library
D:13:     layout_gridville, portal_ice_cave_rime, serial_ice, serial_ice_i,
          serial_ice_d, serial_ice_o, serial_ice_n, makhleb_altar_promises_db
D:14:     layout_basic, grunt_vaults_entry_fortified,
          minmay_misc_feat_nine_boxes, dilly_guarded_unrand_elemental_staff
Temple:   dshaligram_water_room_temple
Lair:1:   layout_cave_pods, grunt_forest_large_clearings
Lair:2:   layout_regular_city, minmay_swamp_entry_worms, uniq_gastronok,
          uniq_urug
Lair:3:   layout_cave_pods, dummy_snake_entry, serial_bayou_shore_a,
          grunt_megastairs_4
Lair:4:   layout_small_grid, minmay_slime_entry_oklob_open,
          eino_small_chamber_without_monster, uniq_sonja
Lair:5:   evil_forest, layout_misc_corridors, minmay_lair_drake_nest

Skill      XL: |  1  2  3  4  5  6  7  8  9 10 11 12 13 14 15 |
---------------+----------------------------------------------+-----
Spellcasting   | 3 4 5 6 |  6.2
Necromancy     | 5 6 9 10 11 13 14 | 14.3
Fighting       | 1 4 7 9 10 11 12 | 12.9
Dodging        | 2 5 6 7 8 |  8.0
Long Blades    | 6 11 14 15 16 | 16.0
Earth Magic    | 3 5 6 |  6.0
Stealth        | |  1.7

Action                     |  1- 3 |  4- 6 |  7- 9 | 10-12 | 13-15 || total
---------------------------+-------+-------+-------+-------+-------++-------
  Melee: Spear             |    13 |    17 |   124 |       |       ||   154
         Punch             |       |       |     2 |       |       ||     2
         Great sword       |       |       |    24 |   549 |   670 ||  1243
   Cast: Necrotise         |    53 |   114 |   143 |    37 |       ||   347
         Vampiric Draining |       |     2 |    18 |    87 |    17 ||   124
         Dispel Undead     |       |       |     6 |     3 |       ||     9
         Borgnjor's Vile C |       |       |       |       |    34 ||    34
         Death Channel     |       |       |       |       |     3 ||     3
  Evoke: Wand              |       |       |       |       |     5 ||     5
         Phantom mirror    |       |       |       |       |     2 ||     2
    Use: Scroll            |       |       |       |    13 |    19 ||    32
         Potion            |       |       |       |       |     1 ||     1
   Stab: Sleeping          |       |     1 |     5 |    17 |    33 ||    56
         Paralysed         |       |       |       |    62 |    17 ||    79
         Distracted        |       |       |       |     3 |     2 ||     5
 Armour: Leather armour    |     4 |    14 |    73 |    11 |    29 ||   131
         Steam dragon scal |       |       |       |   353 |   205 ||   558
  Dodge: Dodged            |     9 |    23 |   162 |   792 |   548 ||  1534

Table legend: (Time is in decaauts)
 A = Elapsed time spent in this place.
 B = Non-inter-level travel time spent in this place.
 C = Inter-level travel time spent in this place.
 D = Time resting spent in this place.
 E = Time spent auto-exploring this place.
 F = Levels seen in this place.
 G = Mean time per level.
                   A        B        C        D        E       F      G
               +--------+--------+--------+--------+--------+-----+--------+
         Total |  25037 |  24058 |    979 |   2290 |  16823 |  21 | 1192.2 |
       Dungeon |  16763 |  16090 |    673 |   1625 |  11318 |  14 | 1197.4 |
        Temple |     83 |     83 |      0 |      0 |     52 |   1 |   83.0 |
          Lair |   6991 |   6685 |    306 |    529 |   4780 |   5 | 1398.2 |
      Ice Cave |   1198 |   1198 |      0 |    136 |    672 |   1 | 1198.0 |
               +--------+--------+--------+--------+--------+-----+--------+

Top non-repeatable levels by time:
     D:8: 2124 daAuts
     D:7: 1722 daAuts
    D:10: 1697 daAuts
  Lair:2: 1601 daAuts
  Lair:3: 1595 daAuts
     D:6: 1537 daAuts
  Lair:4: 1396 daAuts
     D:4: 1357 daAuts
     D:2: 1339 daAuts
  Lair:1: 1213 daAuts
   IceCv: 1198 daAuts
  Lair:5: 1184 daAuts
     D:5: 1131 daAuts
     D:9: 1074 daAuts
     D:3: 886 daAuts
